 Dungeon Crawl Stone Soup version 0.24-a0-250-g6074511 (webtiles) character file.

Game seed: 6248612662254990709

331 Borgoz the Cutter (level 6, -10/57 HPs)
             Began as a Kobold Gladiator on Apr 14, 2019.
             Mangled by Pikel
             ... wielding a +2 whip of electrocution
              (12 damage)
             ... on level 4 of the Dungeon.
             The game lasted 00:06:51 (2600 turns).

Borgoz the Cutter (Kobold Gladiator)                Turns: 2600, Time: 00:06:52

Health: -10/57     AC: 13    Str: 16 (18) XL:     6   Next: 82%
Magic:  6/6        EV:  8    Int:  8 (10) God:
Gold:   146        SH:  0    Dex: 14 (16) Spells: 5/5 levels left

rFire    x . .     SeeInvis .   a - +0 rapier
rCold    + . .     Gourm    .   (shield restricted)
rNeg     . . .     Faith    .   q - +0 plate armour
rPois    .         Spirit   .   y - +2 helmet
rElec    .         Reflect  .   h - scarf {cloud immunity}
rCorr    .         Harm     .   (no gloves)
MR       .....                  (no boots)
Stlth    ..........             (no amulet)
HPRegen  0.19/turn              e - ring of ice
MPRegen  0.10/turn              (no ring)

@: berserking, lethally poisoned (-10 -> -22), heavily drained, very quick
A: small, carnivore
a: no special abilities


You were on level 4 of the Dungeon.
You were completely stuffed.

You visited 1 branch of the dungeon, and saw 4 of its levels.

You collected 146 gold pieces.

Inventory:

Hand Weapons
 a - a +0 rapier (weapon)
Missiles
 d - 2 throwing nets (quivered)
Armour
 h - a scarf of cloud immunity (worn)
 n - a +0 ring mail
 q - a +0 plate armour (worn)
 y - a +2 helmet (worn)
Jewellery
 e - a ring of ice (left hand)
 t - an uncursed ring of ice
Scrolls
 b - 2 scrolls of amnesia {unknown}
 g - a scroll of enchant weapon {unknown}
 i - a scroll of random uselessness {unknown}
 j - a scroll of enchant armour {unknown}
 k - 2 scrolls of identify
Potions
 c - a potion of magic {unknown}
 m - a potion of might {unknown}
 o - a potion of berserk rage
 p - a potion of mutation
 r - a potion of degeneration
 s - a potion of curing {unknown}
 v - 2 potions of flight
 w - a potion of invisibility {unknown}
 x - a potion of agility {unknown}
Comestibles
 f - 4 rations
 u - 3 chunks of flesh


   Skills:
 + Level 4.1(2.9) Fighting
 + Level 5.8(4.6) Short Blades
 - Level 2.1(1.0) Throwing
 + Level 2.3(1.2) Armour
 + Level 5.3(4.0) Dodging


You had 5 spell levels left.
You didn't know any spells.
Your spell library was empty.

Dungeon Overview and Level Annotations

Branches:
Dungeon (4/15)
 Temple: D:4-7

Altars:
Elyvilon
Kikubaaqudgha
Zin

Annotations:
D:3 1 runed translucent door, Crazy Yiuf
D:4 Pikel


Innate Abilities, Weirdness & Mutations

You are small and have problems with some larger weapons.
You are carnivorous and can eat meat at any time.


Message History

You puncture the orc!
You kill the orc!
You feel sick.
You feel sick.
Items here: ) ? [ † a +0 war axe; a +0 chain mail; a scroll labeled ZOILIS OCLO; an orc corpse You hit Pikel.
Pikel is lightly wounded.
You feel sick. Pikel hits you but does no damage.
You are electrocuted!!
* * * LOW HITPOINT WARNING * * *
Your plate armour prevents you from hitting Pikel.
Pikel is lightly wounded.
* * * LOW HITPOINT WARNING * * *
You feel sick. The orc hits you with a +0 mace.
* * * LOW HITPOINT WARNING * * *
You hit Pikel.
Pikel is moderately wounded.
* * * LOW HITPOINT WARNING * * *
You feel sick. Pikel hits you but does no damage.
You are electrocuted!
You die...

#.##....
##<##.#.#
##..##.#.# ##
#.....pp.##.#
##.##.!..p.#
#......#.##p##
#.##.#.#..p##
# #.#.####K##
#.#. #@.# #.#.
#o#.# >...
.....# .#
......#
.......#
#.......#
#.......#
#.......#


You could see Pikel, a slave and an orc.

Vanquished Creatures
  Sigmund (D:2)
  An orc priest (D:3)
  6 adders
  2 oozes
  A worm (D:3)
  2 leopard geckos (D:3)
  9 orcs
  8 ball pythons (D:3)
  6 giant cockroaches
  3 goblins
  7 hobgoblins
  2 jackals (D:1)
  A quokka (D:2)
  9 bats
  3 frilled lizards
  4 kobolds
  7 rats
72 creatures vanquished.

Vanquished Creatures (others)
  A goblin (D:2)
1 creature vanquished.

Grand Total: 73 creatures vanquished

Notes
Turn   | Place    | Note
-------+----------+-------------------------------------------
     0 | D:1      | Borgoz the Kobold Gladiator began the quest for the Orb.
     0 | D:1      | Reached XP level 1. HP: 12/12 MP: 1/1
   212 | D:1      | Reached XP level 2. HP: 8/18 MP: 2/2
   263 | D:1      | You fall through a shaft!
   376 | D:2      | Reached XP level 3. HP: 21/22 MP: 3/3
   465 | D:2      | Found a glowing silver altar of Zin.
   474 | D:2      | Found a white marble altar of Elyvilon.
   589 | D:1      | Reached skill level 1 in Armour
   859 | D:2      | Noticed Sigmund
   869 | D:2      | Killed Sigmund
   869 | D:2      | Reached skill level 5 in Short Blades
   869 | D:2      | Reached XP level 4. HP: 29/29 MP: 4/4
   869 | D:2      | Reached XP level 5. HP: 33/33 MP: 5/5
   869 | D:2      | Reached XP level 6. HP: 38/38 MP: 6/6
  1403 | D:3      | Found an ancient bone altar of Kikubaaqudgha.
  1427 | D:3      | Reached skill level 5 in Dodging
  1839 | D:3      | Found a runed translucent door.
  1840 | D:3      | Noticed Crazy Yiuf
  2574 | D:4      | Noticed a slave
  2577 | D:4      | Noticed a slave
  2577 | D:4      | Noticed a slave
  2578 | D:4      | Noticed Pikel
  2578 | D:4      | Noticed a slave
  2600 | D:4      | HP: 2/57 [poisoned by an orc]
  2600 | D:4      | Mangled by Pikel

Levels and vault maps discovered:
D:1:      nicolae_arrival_memento_mori, layout_basic
D:2:      layout_loops_ring, zin_academy, elyvilon_altar_4, kennysheep_nub,
          uniq_sigmund
D:3:      layout_rooms, kiku_gazebo_pond_becter, minmay_snake_closets,
          uniq_crazy_yiuf_cottage
D:4:      layout_loops_cross, kennysheep_okawaru_gauntlet, lemuel_crystal_altar,
          first_ration, serial_shops, nicolae_shop_behind_doors, uniq_pikel

Skill      XL: |  1  2  3  4  5  6 |
---------------+-------------------+-----
Dodging        | 4 5 |  5.3
Armour         | 1 2 |  2.3
Fighting       | 3 4 |  4.1
Short Blades   | 5 |  5.8
Throwing       | |  2.1

Action                   |  1- 3 |  4- 6 || total
-------------------------+-------+-------++-------
Melee: Rapier            |   109 |   191 ||   300
Throw: Throwing net      |     1 |       ||     1
  Use: Potion            |       |     4 ||     4
       Scroll            |       |     3 ||     3
 Stab: Sleeping          |     4 |       ||     4
       Held in net/web   |     2 |       ||     2
  Eat: Chunk             |     8 |     6 ||    14
Armor: Leather armour    |    25 |       ||    25
       Plate armour      |       |   121 ||   121
       Ring mail         |       |     3 ||     3
Dodge: Dodged            |   100 |    77 ||   177

Table legend:
 A = Non-vault XP
 B = Vault XP
 C = Vault XP percentage of total XP
 D = Non-vault monster count
 E = Vault monster count
 F = Vault count percentage of total count
                 A         B        C        D         E       F
            +---------+---------+-------+---------+---------+-------
      Total |     187 |     287 |  60.5 |      59 |      13 |  18.1
            +---------+---------+-------+---------+---------+-------
        D:1 |      33 |       0 |   0.0 |      22 |       0 |   0.0
        D:2 |      31 |     220 |  87.6 |       8 |       1 |  11.1
        D:3 |     115 |      67 |  36.8 |      26 |      12 |  31.6
        D:4 |       8 |       0 |   0.0 |       3 |       0 |   0.0
            +---------+---------+-------+---------+---------+-------
